 Dungeon Crawl Stone Soup version 0.28-a0-779-g3d1f99b579 (webtiles) character file.

Game seed: 9362064882253989121

43 siradein the Ruffian (level 3, 0/33 HPs)
             Began as a Troll Transmuter on Nov 2, 2021.
             Slain by a gnoll (3 damage)
             ... on level 2 of the Dungeon.
             The game lasted 00:03:25 (1002 turns).

siradein the Ruffian (Troll Transmuter)             Turns: 1002, Time: 00:03:27

Health: 0/33       AC:  4    Str: 18    XL:     3   Next: 37%
Magic:  0/4        EV: 10    Int: 10    God:
Gold:   51         SH:  0    Dex: 10    Spells: 2/5 levels left

rFire   . . .      SeeInvis .     - Unarmed
rCold   . . .      Faith    .   (no shield)
rNeg    . . .      Spirit   .   a - +0 robe
rPois   .          Reflect  .   (helmet currently unavailable)
rElec   .          Harm     .   (no cloak)
rCorr   .          Rampage  .   (gloves unavailable)
Will    .....                   (boots unavailable)
Stlth   +.........              (no amulet)
HPRegen 1.11/turn               (no ring)
MPRegen 0.09/turn               (no ring)

@: lethally poisoned (0 -> -3), appendages (expiring), wereblooded, very
slightly contaminated
A: horns 2, talons 2, large, unfitting armour, claws 3, regeneration 1, shaggy
fur 1, tough skin 1
a: End Transformation


You were on level 2 of the Dungeon.
You had temporarily grown beastly horns and talons.
You visited 1 branch of the dungeon, and saw 2 of its levels.

You collected 51 gold pieces.

Inventory:

Missiles
 b - 9 poisoned darts
Armour
 a - a +0 robe (worn)
Scrolls
 c - 3 scrolls of silence {unknown}
 d - a scroll of teleportation {unknown}
 f - 2 scrolls of enchant armour {unknown}
 g - 2 scrolls of identify {unknown}
Potions
 e - a potion of invisibility {unknown}
 h - a potion of lignification {unknown}


   Skills:
 + Level 1.3 Fighting
 + Level 2.0 Dodging
 + Level 3.3 Unarmed Combat
 + Level 1.5 Spellcasting
 + Level 1.7 Transmutations


You had 2 spell levels left.
You knew the following spells:

 Your Spells              Type           Power      Damage    Failure   Level
a - Beastly Appendage     Tmut           8%         N/A       16%         1
b - Wereblood             Tmut           4%         N/A       24%         2

Your spell library contained the following spells:

 Spells                   Type           Power      Damage    Failure   Level
 Spider Form              Tmut/Pois      2%         N/A       56%         3
 Ice Form                 Ice/Tmut       2%         N/A       92%         4


Dungeon Overview and Level Annotations

Branches:
Dungeon (2/15)

Altars:


Innate Abilities, Weirdness & Mutations

You have temporarily grown beastly horns and talons.
You are too large for most types of armour.
You have claws for hands.
Your natural rate of healing is unusually fast.
You are covered in fur. (AC +1)
You have tough skin. (AC +1)


Message History

The endoplasm quivers.
You hear a shout!
The endoplasm moves out of view.
A gnoll comes into view. It is wielding a +0 whip.
Casting: Beastly Appendage (safe; 16% risk of failure)
Press: ? - help, Q - select action, (/) - cycle Dir - look around, f - activate You miscast Beastly Appendage.
You are very lightly contaminated with residual magic.
Nothing appears to happen.
The gnoll shouts!
You hear an angry hiss.
Casting: Beastly Appendage (safe; 16% risk of failure)
Press: ? - help, Q - select action, (/) - cycle Dir - look around, f - activate You grow a pair of large bovine horns.
Your feet morph into talons.
Your transformation is almost over.
Casting: Beastly Appendage (safe; 16% risk of failure)
Confirm with . or Enter, or press ? or * to list all spells.
Your blood is infused with primal strength.
The gnoll hits you but does no damage.
You are poisoned.
You feel sick.
The gnoll hits you from afar with a +2 spear of flaming.
The gnoll burns you.
The gnoll hits you with a +2 spear of venom.
You are more poisoned.
You scratch the gnoll.
The gnoll is heavily wounded.
You feel very sick.
The gnoll hits you from afar with a +2 spear of flaming.
The gnoll burns you. The gnoll misses you.
You are too injured to fight recklessly!
You are too injured to fight recklessly!
You are too injured to fight recklessly!
You scratch the gnoll. Your headbutt misses the gnoll.
The gnoll is almost dead.
You feel very sick.
The gnoll hits you from afar with a +2 spear of flaming.
* * * LOW HITPOINT WARNING * * *
The gnoll burns you.
You die...

##.## #####...##
##........
#.gg.....##.##.
#......J....... #g# #g#
#g# #@# #.# #.# #.# #####
#.# ##...#######.##
##.###.........#
#.####.........##########
#.##....................#


You could see 3 gnolls and an endoplasm.

Vanquished Creatures
  An adder zombie (D:2)
  2 dart slugs (D:1)
  2 ball pythons (D:1)
  5 bats (D:1)
  A bat skeleton (D:2)
  An endoplasm (D:1)
  3 goblins (D:1)
  5 hobgoblins (D:1)
  3 jackals (D:1)
  A ball python skeleton (D:2)
  A ball python zombie (D:2)
  A frilled lizard (D:1)
  5 kobolds (D:1)
  2 rats (D:1)
33 creatures vanquished.

Notes
Turn   | Place    | Note
-------+----------+-------------------------------------------
     0 | D:1      | siradein the Troll Transmuter began the quest for the Orb.
     0 | D:1      | Reached XP level 1. HP: 18/18 MP: 1/1
    48 | D:1      | Reached skill level 1 in Fighting
    95 | D:1      | Reached XP level 2. HP: 27/27 MP: 3/3
   431 | D:1      | Reached XP level 3. HP: 33/33 MP: 4/4
   439 | D:1      | Learned a level 2 spell: Wereblood
   631 | D:1      | Found a faded altar of an unknown god.
   631 | D:1      | Noticed a sixfirhy
  1002 | D:2      | Slain by a gnoll

Illustrated notes

Levels and vault maps discovered:
D:1:      ebering_trefoil_twist, layout_basic,
          dreamdust_ecumenical_altar_sealed_demon, grunt_decor_junction
D:2:      layout_loops_corners, serial_undead, serial_undead_a, serial_undead_d,
          serial_undead_d, serial_undead_a, serial_undead_f, kennysheep_potato

Skill      XL: |  1  2  3 |
---------------+----------+-----
Fighting       | 1 |  1.3
Dodging        | 2 |  2.0
Unarmed Combat | |  3.3
Spellcasting   | |  1.5
Transmutations | |  1.7

Action                   || total
-------------------------++-------
Melee: Unarmed           ||    65
       Punch             ||     3
 Cast: Beastly Appendage ||     1
       Wereblood         ||     1
Armor: Robe              ||    30
Dodge: Dodged            ||    32

Table legend: (Time is in decaauts)
 A = Elapsed time spent in this place.
 B = Non-inter-level travel time spent in this place.
 C = Inter-level travel time spent in this place.
 D = Time resting spent in this place.
 E = Time spent auto-exploring this place.
 F = Levels seen in this place.
 G = Mean time per level.
                   A        B        C        D        E       F      G
               +--------+--------+--------+--------+--------+-----+--------+
         Total |    997 |    982 |     15 |      0 |    808 |   2 |  498.5 |
       Dungeon |    997 |    982 |     15 |      0 |    808 |   2 |  498.5 |
               +--------+--------+--------+--------+--------+-----+--------+

Top non-repeatable levels by time:
     D:1: 824 daAuts
     D:2: 172 daAuts
